%YAML 1.1
%TAG !u! tag:unity3d.com,2011:
--- !u!114 &-3967109877919919796
MonoBehaviour:
  m_ObjectHideFlags: 0
  m_CorrespondingSourceObject: {fileID: 0}
  m_PrefabInstance: {fileID: 0}
  m_PrefabAsset: {fileID: 0}
  m_GameObject: {fileID: 0}
  m_Enabled: 1
  m_EditorHideFlags: 0
  m_Script: {fileID: 11500000, guid: c7f1ed9b4bdb69b4f985a19e90989123, type: 3}
  m_Name: Route
  m_EditorClassIdentifier: 
  graph: {fileID: 11400000}
  position: {x: 120, y: -88}
  ports:
    keys:
    - input
    - output
    values:
    - _fieldName: input
      _node: {fileID: -3967109877919919796}
      _typeQualifiedName: GraphNode, Assembly-CSharp, Version=0.0.0.0, Culture=neutral,
        PublicKeyToken=null
      connections:
      - fieldName: output
        node: {fileID: 4121737068723229405}
        reroutePoints: []
      _direction: 0
      _connectionType: 0
      _typeConstraint: 0
      _dynamic: 0
    - _fieldName: output
      _node: {fileID: -3967109877919919796}
      _typeQualifiedName: GraphNode, Assembly-CSharp, Version=0.0.0.0, Culture=neutral,
        PublicKeyToken=null
      connections:
      - fieldName: input
        node: {fileID: 4121737068723229405}
        reroutePoints: []
      _direction: 1
      _connectionType: 0
      _typeConstraint: 0
      _dynamic: 0
  input: {fileID: 0}
  output: {fileID: -3967109877919919796}
  key: 
--- !u!114 &-1651418875345333277
MonoBehaviour:
  m_ObjectHideFlags: 0
  m_CorrespondingSourceObject: {fileID: 0}
  m_PrefabInstance: {fileID: 0}
  m_PrefabAsset: {fileID: 0}
  m_GameObject: {fileID: 0}
  m_Enabled: 1
  m_EditorHideFlags: 0
  m_Script: {fileID: 11500000, guid: 5c6521de4caf8fc4ab3ce870fdc47e7b, type: 3}
  m_Name: Character Outro
  m_EditorClassIdentifier: 
  graph: {fileID: 11400000}
  position: {x: 24, y: 280}
  ports:
    keys:
    - input
    - output
    values:
    - _fieldName: input
      _node: {fileID: -1651418875345333277}
      _typeQualifiedName: GraphNode, Assembly-CSharp, Version=0.0.0.0, Culture=neutral,
        PublicKeyToken=null
      connections:
      - fieldName: output
        node: {fileID: 3812859684127945754}
        reroutePoints: []
      - fieldName: output
        node: {fileID: 4121737068723229405}
        reroutePoints: []
      _direction: 0
      _connectionType: 0
      _typeConstraint: 0
      _dynamic: 0
    - _fieldName: output
      _node: {fileID: -1651418875345333277}
      _typeQualifiedName: GraphNode, Assembly-CSharp, Version=0.0.0.0, Culture=neutral,
        PublicKeyToken=null
      connections:
      - fieldName: input
        node: {fileID: 4306472666368122221}
        reroutePoints: []
      _direction: 1
      _connectionType: 0
      _typeConstraint: 0
      _dynamic: 0
  input: {fileID: 0}
  output: {fileID: -1651418875345333277}
  key: 
--- !u!114 &11400000
MonoBehaviour:
  m_ObjectHideFlags: 0
  m_CorrespondingSourceObject: {fileID: 0}
  m_PrefabInstance: {fileID: 0}
  m_PrefabAsset: {fileID: 0}
  m_GameObject: {fileID: 0}
  m_Enabled: 1
  m_EditorHideFlags: 0
  m_Script: {fileID: 11500000, guid: 575ee7957a1de9f4db8bad12fc1298e3, type: 3}
  m_Name: DialogueGraph
  m_EditorClassIdentifier: 
  nodes:
  - {fileID: 6885843303093855235}
  - {fileID: 3812859684127945754}
  - {fileID: 4121737068723229405}
  - {fileID: -1651418875345333277}
  - {fileID: -3967109877919919796}
  - {fileID: 4306472666368122221}
  timesVisited: 10
  inProgress: 1
--- !u!114 &3812859684127945754
MonoBehaviour:
  m_ObjectHideFlags: 0
  m_CorrespondingSourceObject: {fileID: 0}
  m_PrefabInstance: {fileID: 0}
  m_PrefabAsset: {fileID: 0}
  m_GameObject: {fileID: 0}
  m_Enabled: 1
  m_EditorHideFlags: 0
  m_Script: {fileID: 11500000, guid: c672f0ddff94472478e5c031a5f3d2cd, type: 3}
  m_Name: Character Greeting
  m_EditorClassIdentifier: 
  graph: {fileID: 11400000}
  position: {x: -264, y: 88}
  ports:
    keys:
    - input
    - output
    values:
    - _fieldName: input
      _node: {fileID: 3812859684127945754}
      _typeQualifiedName: GraphNode, Assembly-CSharp, Version=0.0.0.0, Culture=neutral,
        PublicKeyToken=null
      connections:
      - fieldName: output
        node: {fileID: 6885843303093855235}
        reroutePoints: []
      _direction: 0
      _connectionType: 0
      _typeConstraint: 0
      _dynamic: 0
    - _fieldName: output
      _node: {fileID: 3812859684127945754}
      _typeQualifiedName: GraphNode, Assembly-CSharp, Version=0.0.0.0, Culture=neutral,
        PublicKeyToken=null
      connections:
      - fieldName: input
        node: {fileID: 4121737068723229405}
        reroutePoints: []
      - fieldName: input
        node: {fileID: -1651418875345333277}
        reroutePoints: []
      _direction: 1
      _connectionType: 0
      _typeConstraint: 0
      _dynamic: 0
  input: {fileID: 0}
  output: {fileID: 3812859684127945754}
  key: 
--- !u!114 &4121737068723229405
MonoBehaviour:
  m_ObjectHideFlags: 0
  m_CorrespondingSourceObject: {fileID: 0}
  m_PrefabInstance: {fileID: 0}
  m_PrefabAsset: {fileID: 0}
  m_GameObject: {fileID: 0}
  m_Enabled: 1
  m_EditorHideFlags: 0
  m_Script: {fileID: 11500000, guid: 948dd61dcb8cfea4bb6fa23e96a00edf, type: 3}
  m_Name: Character Question
  m_EditorClassIdentifier: 
  graph: {fileID: 11400000}
  position: {x: 40, y: 24}
  ports:
    keys:
    - input
    - output
    values:
    - _fieldName: input
      _node: {fileID: 4121737068723229405}
      _typeQualifiedName: GraphNode, Assembly-CSharp, Version=0.0.0.0, Culture=neutral,
        PublicKeyToken=null
      connections:
      - fieldName: output
        node: {fileID: 3812859684127945754}
        reroutePoints: []
      - fieldName: output
        node: {fileID: -3967109877919919796}
        reroutePoints: []
      _direction: 0
      _connectionType: 0
      _typeConstraint: 0
      _dynamic: 0
    - _fieldName: output
      _node: {fileID: 4121737068723229405}
      _typeQualifiedName: GraphNode, Assembly-CSharp, Version=0.0.0.0, Culture=neutral,
        PublicKeyToken=null
      connections:
      - fieldName: input
        node: {fileID: -1651418875345333277}
        reroutePoints: []
      - fieldName: input
        node: {fileID: -3967109877919919796}
        reroutePoints: []
      _direction: 1
      _connectionType: 0
      _typeConstraint: 0
      _dynamic: 0
  input: {fileID: 0}
  output: {fileID: 4121737068723229405}
  key: 
--- !u!114 &4306472666368122221
MonoBehaviour:
  m_ObjectHideFlags: 0
  m_CorrespondingSourceObject: {fileID: 0}
  m_PrefabInstance: {fileID: 0}
  m_PrefabAsset: {fileID: 0}
  m_GameObject: {fileID: 0}
  m_Enabled: 1
  m_EditorHideFlags: 0
  m_Script: {fileID: 11500000, guid: 204db00e3627e24409d366ace3364f73, type: 3}
  m_Name: Exit
  m_EditorClassIdentifier: 
  graph: {fileID: 11400000}
  position: {x: 312, y: 190}
  ports:
    keys:
    - input
    - output
    values:
    - _fieldName: input
      _node: {fileID: 4306472666368122221}
      _typeQualifiedName: GraphNode, Assembly-CSharp, Version=0.0.0.0, Culture=neutral,
        PublicKeyToken=null
      connections:
      - fieldName: output
        node: {fileID: -1651418875345333277}
        reroutePoints: []
      _direction: 0
      _connectionType: 0
      _typeConstraint: 0
      _dynamic: 0
    - _fieldName: output
      _node: {fileID: 4306472666368122221}
      _typeQualifiedName: GraphNode, Assembly-CSharp, Version=0.0.0.0, Culture=neutral,
        PublicKeyToken=null
      connections: []
      _direction: 1
      _connectionType: 0
      _typeConstraint: 0
      _dynamic: 0
  input: {fileID: 0}
  output: {fileID: 4306472666368122221}
  key: 
--- !u!114 &6885843303093855235
MonoBehaviour:
  m_ObjectHideFlags: 0
  m_CorrespondingSourceObject: {fileID: 0}
  m_PrefabInstance: {fileID: 0}
  m_PrefabAsset: {fileID: 0}
  m_GameObject: {fileID: 0}
  m_Enabled: 1
  m_EditorHideFlags: 0
  m_Script: {fileID: 11500000, guid: db7b180e58fcaec40b043e431cc3d64d, type: 3}
  m_Name: Entry
  m_EditorClassIdentifier: 
  graph: {fileID: 11400000}
  position: {x: -456, y: 88}
  ports:
    keys:
    - input
    - output
    values:
    - _fieldName: input
      _node: {fileID: 6885843303093855235}
      _typeQualifiedName: GraphNode, Assembly-CSharp, Version=0.0.0.0, Culture=neutral,
        PublicKeyToken=null
      connections: []
      _direction: 0
      _connectionType: 0
      _typeConstraint: 0
      _dynamic: 0
    - _fieldName: output
      _node: {fileID: 6885843303093855235}
      _typeQualifiedName: GraphNode, Assembly-CSharp, Version=0.0.0.0, Culture=neutral,
        PublicKeyToken=null
      connections:
      - fieldName: input
        node: {fileID: 3812859684127945754}
        reroutePoints: []
      _direction: 1
      _connectionType: 0
      _typeConstraint: 0
      _dynamic: 0
  input: {fileID: 0}
  output: {fileID: 6885843303093855235}
  key: 
  visit: 0
